 Dungeon Crawl Stone Soup version 0.27-a0-1557-g57f10a385c (webtiles) character file.

Game seed: 5083074276769105809

378 bilbop the Cutter (level 7, -6/44 HPs)
             Began as a Kobold Berserker on July 15, 2021.
             Was a Believer of Trog.
             Mangled by a wyvern zombie (11 damage)
             ... on level 4 of the Dungeon.
             The game lasted 00:17:09 (4055 turns).

bilbop the Cutter (Kobold Berserker)                Turns: 4055, Time: 00:17:10

Health: -6/44      AC:  3    Str: 15    XL:     7   Next: 4%
Magic:  9/9        EV: 16    Int: 16    God:    Trog [**....]
Gold:   208        SH:  0    Dex: 14    Spells: 6/6 levels left

rFire    . . .     SeeInvis .   a - +0 dagger (venom)
rCold    . . .     Faith    .   (shield restricted)
rNeg     . . .     Spirit   .   b - +0 animal skin
rPois    .         Reflect  .   (no helmet)
rElec    .         Harm     .   (no cloak)
rCorr    .         Rampage  .   (no gloves)
Will     .....                  h - +0 pair of boots
Stlth    +++.......             (no amulet)
HPRegen  0.14/turn              s - +6 ring of intelligence
MPRegen  0.11/turn              (no ring)

@: on berserk cooldown, slowed, very slow
A: small, no large weapons, nightstalker 3
a: Renounce Religion, Berserk, Trog's Hand


You were on level 4 of the Dungeon.
You worshipped Trog.
Trog was pleased with you.
You visited 1 branch of the dungeon, and saw 4 of its levels.

You collected 208 gold pieces.

Inventory:

Hand Weapons
 a - a +0 dagger of venom (weapon)
 g - a +0 short sword
 p - a +0 dagger
Armour
 b - a +0 animal skin (worn)
 h - a +0 pair of boots (worn)
Jewellery
 s - a +6 ring of intelligence (left hand)
Scrolls
 c - 2 scrolls of identify {unknown}
 d - 4 scrolls of teleportation {unknown}
 e - 2 scrolls of noise {unknown}
 i - a scroll of enchant weapon {unknown}
 n - a scroll of acquirement {unknown}
 r - a scroll of vulnerability {unknown}
 t - a scroll of immolation {unknown}
 u - a scroll of fear {unknown}
Potions
 f - a potion of magic {unknown}
 j - a potion of might {unknown}
 k - a potion of haste {unknown}
 l - a potion of flight {unknown}
 m - a potion of degeneration {unknown}
 o - a potion of attraction {unknown}
 q - a potion of lignification {unknown}


   Skills:
 + Level 4.6 Fighting
 + Level 5.5 Short Blades
 - Level 1.5 Armour
 + Level 4.3 Dodging
 + Level 4.0 Stealth
 + Level 2.9 Invocations


You had 6 spell levels left.
You didn't know any spells.
Your spell library was empty.

Dungeon Overview and Level Annotations

Branches:
Dungeon (4/15)
 Temple: D:4-7

Altars:


Innate Abilities, Weirdness & Mutations

You are small and have problems with some larger weapons.
You are completely attuned to the shadows.


Message History

Trog accepts your kill.
Your Stealth skill increases to level 4!
You have reached level 7!
Magic restored.
Things that are here:
a +0 shortbow; 18 arrows You see here 19 stones.
Found 19 gold pieces.
A wyvern zombie comes into view.
You hit the wyvern zombie.
The wyvern zombie is lightly damaged.
The wyvern zombie bites you but does no damage.
You completely miss the wyvern zombie.
The wyvern zombie is lightly damaged.
The wyvern zombie bites you!
You hit the wyvern zombie but do no damage.
The wyvern zombie is lightly damaged.
The wyvern zombie bites you!
A red film seems to cover your vision as you go berserk!
You feel yourself moving faster!
You feel mighty! The wyvern zombie barely misses you.
You hit the wyvern zombie.
The wyvern zombie is lightly damaged.
The wyvern zombie bites you!
You puncture the wyvern zombie!
The wyvern zombie is moderately damaged.
The wyvern zombie bites you.
You barely miss the wyvern zombie.
The wyvern zombie is moderately damaged.
Okay, then.
You puncture the wyvern zombie!
The wyvern zombie is heavily damaged.
The wyvern zombie bites you!
* * * LOW HITPOINT WARNING * * *
You feel a strong urge to attack something.
You are no longer berserk.
You are exhausted.
You feel yourself slow down. The wyvern zombie bites you!
You die...

##### ########.... ..#
.........####### #.#
..#####.)......# #.# ....
.#.#####.##.##.# #.# ....
###.......#.##.####.###....
.#.#####.....<.##..........
...#####.##..(.##Z###...##
................@.# #.#..#
#.######.####..##.###.#$#.#
#.# #..............#.# .
#>## #.....###.....##.#
#..#####.###.# #.....#
......(..# #.###.#####
....#.##.# #.....#
##.###.#.# #.#.#.# ..##
##..# #.#.#.#


You could see a wyvern zombie.

Vanquished Creatures
  Sigmund (D:3)
  A centaur (D:4)
  A hound (D:4)
  2 adders
  An ufetubus (D:4)
  An adder skeleton (D:4)
  5 worms (D:2)
  3 dart slugs
  2 orcs (D:3)
  9 ball pythons
  5 endoplasms
  3 giant cockroaches
  7 goblins
  9 hobgoblins
  5 jackals
  4 kobolds
  4 quokkas
  4 bats
  A frilled lizard (D:1)
  3 rats (D:1)
71 creatures vanquished.

Notes
Turn   | Place    | Note
-------+----------+-------------------------------------------
     0 | D:1      | bilbop the Kobold Berserker began the quest for the Orb.
     0 | D:1      | Reached XP level 1. HP: 14/14 MP: 1/1
   143 | D:1      | Reached XP level 2. HP: 19/19 MP: 2/2
   199 | D:1      | Reached skill level 1 in Stealth
   576 | D:1      | Found a faded altar of an unknown god.
   831 | D:1      | Reached XP level 3. HP: 23/23 MP: 3/3
   918 | D:1      | Reached skill level 1 in Invocations
  1595 | D:2      | Reached XP level 4. HP: 29/29 MP: 4/4
  1660 | D:2      | Reached ** piety under Trog
  3079 | D:3      | Noticed Sigmund
  3094 | D:3      | Killed Sigmund
  3095 | D:3      | Reached skill level 5 in Short Blades
  3095 | D:3      | Reached XP level 5. HP: 34/34 MP: 6/6
  3095 | D:3      | Reached XP level 6. HP: 39/39 MP: 7/7
  3935 | D:4      | Reached XP level 7. HP: 33/44 MP: 7/9
  4055 | D:4      | Mangled by a wyvern zombie

Illustrated notes

Levels and vault maps discovered:
D:1:      elethiomel_arrival_fortress_basement, layout_basic,
          shapermc_ecumenical_altar_notcrosses, minmay_3d_cube
D:2:      layout_rooms, minmay_misc_feat_secret_circle
D:3:      layout_rooms, uniq_sigmund
D:4:      layout_loops_ring, grunt_ministairs_11,
          amcnicky_altar_lugonu_corruption

Skill      XL: |  1  2  3  4  5  6 |
---------------+-------------------+-----
Stealth        | 1 3 4 |  4.0
Invocations    | 1 2 |  2.9
Dodging        | 3 4 |  4.3
Fighting       | 4 |  4.6
Short Blades   | 5 |  5.5
Armour         | |  1.5

Action                   |  1- 3 |  4- 6 |  7- 9 || total
-------------------------+-------+-------+-------++-------
Melee: Short sword       |    33 |       |       ||    33
       Dagger            |    65 |   188 |     7 ||   260
Invok: Berserk           |     5 |     1 |     1 ||     7
 Stab: Sleeping          |    13 |    16 |       ||    29
Armor: Animal skin       |     9 |    24 |     1 ||    34
Dodge: Dodged            |    45 |   115 |     1 ||   161

Table legend: (Time is in decaauts)
 A = Elapsed time spent in this place.
 B = Non-inter-level travel time spent in this place.
 C = Inter-level travel time spent in this place.
 D = Time resting spent in this place.
 E = Time spent auto-exploring this place.
 F = Levels seen in this place.
 G = Mean time per level.
                   A        B        C        D        E       F      G
               +--------+--------+--------+--------+--------+-----+--------+
         Total |   4056 |   3979 |     77 |    865 |   2497 |   4 | 1014.0 |
       Dungeon |   4056 |   3979 |     77 |    865 |   2497 |   4 | 1014.0 |
               +--------+--------+--------+--------+--------+-----+--------+

Top non-repeatable levels by time:
     D:1: 1366 daAuts
     D:3: 1129 daAuts
     D:2: 863 daAuts
     D:4: 697 daAuts
